Workbook

Sheet Jan26
A1: DATE | B1: CASH | C1: AMEX | D1: MASTER | E1: VISA | F1: PAY NOW | G1: FOOD PANDA | H1: GRAB FOOD | I1: PAYPAL | J1: NETS | K1: CHEQUE | L1: STRIPE | M1: CONE SONE | N1: MICS | O1: SALE | P1: SUPPLIERS | Q1: PETTY CASH | R1: SALARIE | S1: CPF / LOAN | T1: SINGTEL / STAR HUB | U1: MICS | V1: MICS | W1: EXPENSES | X1: PROFIT
A2: 46023 | O2: =SUM(B2:N2) -> 0 | W2: =SUM(P2:V2) -> 0 | X2: =O2-W2 -> 0
A3: 46024 | O3: =SUM(B3:N3) -> 0 | W3: =SUM(P3:V3) -> 0 | X3: =O3-W3 -> 0
A4: 46025 | O4: =SUM(B4:N4) -> 0 | W4: =SUM(P4:V4) -> 0 | X4: =O4-W4 -> 0
A5: 46026 | O5: =SUM(B5:N5) -> 0 | W5: =SUM(P5:V5) -> 0 | X5: =O5-W5 -> 0
A6: 46027 | O6: =SUM(B6:N6) -> 0 | W6: =SUM(P6:V6) -> 0 | X6: =O6-W6 -> 0
A7: 46028 | O7: =SUM(B7:N7) -> 0 | W7: =SUM(P7:V7) -> 0 | X7: =O7-W7 -> 0
A8: 46029 | O8: =SUM(B8:N8) -> 0 | W8: =SUM(P8:V8) -> 0 | X8: =O8-W8 -> 0
A9: 46030 | O9: =SUM(B9:N9) -> 0 | W9: =SUM(P9:V9) -> 0 | X9: =O9-W9 -> 0
A10: 46031 | O10: =SUM(B10:N10) -> 0 | W10: =SUM(P10:V10) -> 0 | X10: =O10-W10 -> 0
A11: 46032 | O11: =SUM(B11:N11) -> 0 | W11: =SUM(P11:V11) -> 0 | X11: =O11-W11 -> 0
A12: 46033 | O12: =SUM(B12:N12) -> 0 | W12: =SUM(P12:V12) -> 0 | X12: =O12-W12 -> 0
A13: 46034 | O13: =SUM(B13:N13) -> 0 | W13: =SUM(P13:V13) -> 0 | X13: =O13-W13 -> 0
... A31: 46052 | O31: =SUM(B31:N31) -> 0 | W31: =SUM(P31:V31) -> 0 | X31: =O31-W31 -> 0
A32: 46053 | B32: 10 | C32: 10 | D32: 10 | E32: 10 | F32: 10 | G32: 10 | H32: 10 | I32: 10 | J32: 10 | K32: 10 | L32: 10 | M32: 10 | N32: 10 | O32: =SUM(B32:N32) -> 130 | P32: 10 | Q32: 10 | R32: 10 | S32: 10 | T32: 10 | U32: 10 | V32: 10 | W32: =SUM(P32:V32) -> 70 | X32: =O32-W32 -> 60
A33: Total | B33: =SUM(B2:B32) -> 10 | C33: =SUM(C2:C32) -> 10 | D33: =SUM(D2:D32) -> 10 | E33: =SUM(E2:E32) -> 10 | F33: =SUM(F2:F32) -> 10 | G33: =SUM(G2:G32) -> 10 | H33: =SUM(H2:H32) -> 10 | I33: =SUM(I2:I32) -> 10 | ... N33: =SUM(N2:N32) -> 10 | O33: =SUM(B33:N33) -> 130 | P33: =SUM(P2:P32) -> 10 | Q33: =SUM(Q2:Q32) -> 10 | R33: =SUM(R2:R32) -> 10 | S33: =SUM(S2:S32) -> 10 | T33: =SUM(T2:T32) -> 10 | U33: =SUM(U2:U32) -> 10 | V33: =SUM(V2:V32) -> 10 | W33: =SUM(W2:W32) -> 70 | X33: =O33-W33 -> 60
A34: Service Fee | B34: =B33/100*0 -> 0 | C34: =C33/100*2.5 -> 0.25 | D34: =D33/100*16.1 -> 1.61 | E34: =E33/100*2.5 -> 0.25 | F34: =F33/100*100 -> 10 | G34: =G33/100*37 -> 3.7 | H34: =H33/100*37 -> 3.7 | I34: =I33/100*2.5 -> 0.25 | J34: =J33/100*2.5 -> 0.25 | K34: =K33/100*0 -> 0 | L34: =L33/100*2.5 -> 0.25 | M34: =M33/100*0 -> 0 | N34: =N33/100*0 -> 0 | O34: =SUM(B34:N34) -> 20.26
A35: Grand Total | B35: =SUM(B33-B34) -> 10 | C35: =SUM(C33-C34) -> 9.75 | D35: =SUM(D33-D34) -> 8.39 | E35: =SUM(E33-E34) -> 9.75 | F35: =SUM(F33-F34) -> 0 | G35: =SUM(G33-G34) -> 6.3 | H35: =SUM(H33-H34) -> 6.3 | I35: =SUM(I33-I34) -> 9.75 | ... N35: =SUM(N33-N34) -> 10 | O35: =SUM(B35:N35) -> 109.74 | P35: =SUM(P33-P34) -> 10 | Q35: =SUM(Q33-Q34) -> 10 | R35: =SUM(R33-R34) -> 10 | S35: =SUM(S33-S34) -> 10 | T35: =SUM(T33-T34) -> 10 | U35: =SUM(U33-U34) -> 10 | V35: =SUM(V33-V34) -> 10 | W35: =SUM(W33-W34) -> 70 | X35: =O35-W35 -> 39.74

Sheet Feb26
A1: DATE | B1: CASH | C1: AMEX | D1: MASTER | E1: VISA | F1: PAY NOW | G1: FOOD PANDA | H1: GRAB FOOD | I1: PAYPAL | J1: NETS | K1: CHEQUE | L1: STRIPE | M1: CONE SONE | N1: MICS | O1: SALE | P1: SUPPLIERS | Q1: PETTY CASH | R1: SALARIE | S1: CPF / LOAN | T1: SINGTEL / STAR HUB | U1: MICS | V1: MICS | W1: EXPENSES | X1: PROFIT
A2: 46054 | O2: =SUM(B2:N2) -> 0 | W2: =SUM(P2:V2) -> 0 | X2: =O2-W2 -> 0
A3: 46055 | O3: =SUM(B3:N3) -> 0 | W3: =SUM(P3:V3) -> 0 | X3: =O3-W3 -> 0
A4: 46056 | O4: =SUM(B4:N4) -> 0 | W4: =SUM(P4:V4) -> 0 | X4: =O4-W4 -> 0
A5: 46057 | O5: =SUM(B5:N5) -> 0 | W5: =SUM(P5:V5) -> 0 | X5: =O5-W5 -> 0
A6: 46058 | O6: =SUM(B6:N6) -> 0 | W6: =SUM(P6:V6) -> 0 | X6: =O6-W6 -> 0
A7: 46059 | O7: =SUM(B7:N7) -> 0 | W7: =SUM(P7:V7) -> 0 | X7: =O7-W7 -> 0
A8: 46060 | O8: =SUM(B8:N8) -> 0 | W8: =SUM(P8:V8) -> 0 | X8: =O8-W8 -> 0
A9: 46061 | O9: =SUM(B9:N9) -> 0 | W9: =SUM(P9:V9) -> 0 | X9: =O9-W9 -> 0
A10: 46062 | O10: =SUM(B10:N10) -> 0 | W10: =SUM(P10:V10) -> 0 | X10: =O10-W10 -> 0
A11: 46063 | O11: =SUM(B11:N11) -> 0 | W11: =SUM(P11:V11) -> 0 | X11: =O11-W11 -> 0
A12: 46064 | O12: =SUM(B12:N12) -> 0 | W12: =SUM(P12:V12) -> 0 | X12: =O12-W12 -> 0
A13: 46065 | O13: =SUM(B13:N13) -> 0 | W13: =SUM(P13:V13) -> 0 | X13: =O13-W13 -> 0
... A28: 46080 | O28: =SUM(B28:N28) -> 0 | W28: =SUM(P28:V28) -> 0 | X28: =O28-W28 -> 0
A29: 46081 | B29: 10 | C29: 10 | D29: 10 | E29: 10 | F29: 10 | G29: 10 | H29: 10 | I29: 10 | J29: 10 | K29: 10 | L29: 10 | M29: 10 | N29: 10 | O29: =SUM(B29:N29) -> 130 | P29: 10 | Q29: 10 | R29: 10 | S29: 10 | T29: 10 | U29: 10 | V29: 10 | W29: =SUM(P29:V29) -> 70 | X29: =O29-W29 -> 60
A30: Total | B30: =SUM(B2:B29) -> 10 | C30: =SUM(C2:C29) -> 10 | D30: =SUM(D2:D29) -> 10 | E30: =SUM(E2:E29) -> 10 | F30: =SUM(F2:F29) -> 10 | G30: =SUM(G2:G29) -> 10 | H30: =SUM(H2:H29) -> 10 | I30: =SUM(I2:I29) -> 10 | ... N30: =SUM(N2:N29) -> 10 | O30: =SUM(B30:N30) -> 130 | P30: =SUM(P2:P29) -> 10 | Q30: =SUM(Q2:Q29) -> 10 | R30: =SUM(R2:R29) -> 10 | S30: =SUM(S2:S29) -> 10 | T30: =SUM(T2:T29) -> 10 | U30: =SUM(U2:U29) -> 10 | V30: =SUM(V2:V29) -> 10 | W30: =SUM(W2:W29) -> 70 | X30: =O30-W30 -> 60
A31: Service Fee | B31: =B30/100*0 -> 0 | C31: =C30/100*2.5 -> 0.25 | D31: =D30/100*16.1 -> 1.61 | E31: =E30/100*2.5 -> 0.25 | F31: =F30/100*100 -> 10 | G31: =G30/100*37 -> 3.7 | H31: =H30/100*37 -> 3.7 | I31: =I30/100*2.5 -> 0.25 | J31: =J30/100*2.5 -> 0.25 | K31: =K30/100*0 -> 0 | L31: =L30/100*2.5 -> 0.25 | M31: =M30/100*0 -> 0 | N31: =N30/100*0 -> 0 | O31: =SUM(B31:N31) -> 20.26
A32: Grand Total | B32: =SUM(B30-B31) -> 10 | C32: =SUM(C30-C31) -> 9.75 | D32: =SUM(D30-D31) -> 8.39 | E32: =SUM(E30-E31) -> 9.75 | F32: =SUM(F30-F31) -> 0 | G32: =SUM(G30-G31) -> 6.3 | H32: =SUM(H30-H31) -> 6.3 | I32: =SUM(I30-I31) -> 9.75 | ... N32: =SUM(N30-N31) -> 10 | O32: =SUM(B32:N32) -> 109.74 | P32: =SUM(P30-P31) -> 10 | Q32: =SUM(Q30-Q31) -> 10 | R32: =SUM(R30-R31) -> 10 | S32: =SUM(S30-S31) -> 10 | T32: =SUM(T30-T31) -> 10 | U32: =SUM(U30-U31) -> 10 | V32: =SUM(V30-V31) -> 10 | W32: =SUM(W30-W31) -> 70 | X32: =O32-W32 -> 39.74

Sheet Mar26
A1: DATE | B1: CASH | C1: Credit Cards | D1: PayNow-Qashier | E1: OCBC-PayNow | F1: Qashier | G1: Adyen | H1: FOOD PANDA | I1: GRAB FOOD | J1: PAYPAL | K1: NETS | L1: CHEQUE | M1: BANJARA SALES | N1: BANJARA MARGIN | O1: MICS | P1: SALES - Received | Q1: pos sales | R1: Difference | S1: SUPPLIERS | T1: PETTY CASH | U1: SALARIE | V1: CPF / LOAN | W1: SINGTEL / STAR HUB | X1: MICS | Y1: MICS | Z1: EXPENSES | AA1: PROFIT
A2: 46082 | B2: =VLOOKUP($A:$A,'[1]March26- Sales'!$A:$U,3,0) -> 0 | C2: =VLOOKUP($A:$A,'[1]March26- Sales'!$A:$U,13,0) -> 0 | D2: =VLOOKUP($A:$A,'[1]March26- Sales'!$A:$U,8,0) -> 0 | E2: =VLOOKUP($A:$A,'[1]March26- Sales'!$A:$U,11,0) -> 0 | F2: =VLOOKUP($A:$A,'[1]March26- Sales'!$A:$U,10,0) -> 0 | G2: =VLOOKUP($A:$A,'[1]March26- Sales'!$A:$U,14,0) -> 0 | P2: =B2+E2+F2+G2 -> 0 | Q2: =SUM(B2:D2) -> 0 | R2: =P2-Q2 -> 0 | Z2: =SUM(S2:Y2) -> 0 | AA2: =P2-Z2 -> 0
A3: 46083 | B3: =VLOOKUP($A:$A,'[1]March26- Sales'!$A:$U,3,0) -> 119.3 | C3: =VLOOKUP($A:$A,'[1]March26- Sales'!$A:$U,13,0) -> 308.05 | D3: =VLOOKUP($A:$A,'[1]March26- Sales'!$A:$U,8,0) -> 616.8 | E3: =VLOOKUP($A:$A,'[1]March26- Sales'!$A:$U,11,0) -> 0 | F3: =VLOOKUP($A:$A,'[1]March26- Sales'!$A:$U,10,0) -> 613.06 | G3: =VLOOKUP($A:$A,'[1]March26- Sales'!$A:$U,14,0) -> 0 | P3: =B3+E3+F3+G3 -> 732.36 | Q3: =SUM(B3:D3) -> 1044.15 | R3: =P3-Q3 -> -311.79 | Z3: =SUM(S3:Y3) -> 0 | AA3: =P3-Z3 -> 732.36
A4: 46084 | B4: =VLOOKUP($A:$A,'[1]March26- Sales'!$A:$U,3,0) -> 183.5 | C4: =VLOOKUP($A:$A,'[1]March26- Sales'!$A:$U,13,0) -> 252.1 | D4: =VLOOKUP($A:$A,'[1]March26- Sales'!$A:$U,8,0) -> 701.6 | E4: =VLOOKUP($A:$A,'[1]March26- Sales'!$A:$U,11,0) -> 0 | F4: =VLOOKUP($A:$A,'[1]March26- Sales'!$A:$U,10,0) -> 703.31 | G4: =VLOOKUP($A:$A,'[1]March26- Sales'!$A:$U,14,0) -> 253.9 | P4: =B4+E4+F4+G4 -> 1140.71 | Q4: =SUM(B4:D4) -> 1137.2 | R4: =P4-Q4 -> 3.51 | Z4: =SUM(S4:Y4) -> 0 | AA4: =P4-Z4 -> 1140.71
A5: 46085 | B5: =VLOOKUP($A:$A,'[1]March26- Sales'!$A:$U,3,0) -> 171.6 | C5: =VLOOKUP($A:$A,'[1]March26- Sales'!$A:$U,13,0) -> 432.8 | D5: =VLOOKUP($A:$A,'[1]March26- Sales'!$A:$U,8,0) -> 620.9 | E5: =VLOOKUP($A:$A,'[1]March26- Sales'!$A:$U,11,0) -> 7 | F5: =VLOOKUP($A:$A,'[1]March26- Sales'!$A:$U,10,0) -> 663.21 | G5: =VLOOKUP($A:$A,'[1]March26- Sales'!$A:$U,14,0) -> 437 | P5: =B5+E5+F5+G5 -> 1278.81 | Q5: =SUM(B5:D5) -> 1225.3 | R5: =P5-Q5 -> 53.51 | Z5: =SUM(S5:Y5) -> 0 | AA5: =P5-Z5 -> 1278.81
A6: 46086 | B6: =VLOOKUP($A:$A,'[1]March26- Sales'!$A:$U,3,0) -> 143.4 | C6: =VLOOKUP($A:$A,'[1]March26- Sales'!$A:$U,13,0) -> 530.9 | D6: =VLOOKUP($A:$A,'[1]March26- Sales'!$A:$U,8,0) -> 762 | E6: =VLOOKUP($A:$A,'[1]March26- Sales'!$A:$U,11,0) -> 0 | F6: =VLOOKUP($A:$A,'[1]March26- Sales'!$A:$U,10,0) -> 772 | G6: =VLOOKUP($A:$A,'[1]March26- Sales'!$A:$U,14,0) -> 534.7 | P6: =B6+E6+F6+G6 -> 1450.1 | Q6: =SUM(B6:D6) -> 1436.3 | R6: =P6-Q6 -> 13.8 | Z6: =SUM(S6:Y6) -> 0 | AA6: =P6-Z6 -> 1450.1
A7: 46087 | B7: =VLOOKUP($A:$A,'[1]March26- Sales'!$A:$U,3,0) -> 158.5 | C7: =VLOOKUP($A:$A,'[1]March26- Sales'!$A:$U,13,0) -> 723.5 | D7: =VLOOKUP($A:$A,'[1]March26- Sales'!$A:$U,8,0) -> 894.4 | E7: =VLOOKUP($A:$A,'[1]March26- Sales'!$A:$U,11,0) -> 5 | F7: =VLOOKUP($A:$A,'[1]March26- Sales'!$A:$U,10,0) -> 934.78 | G7: =VLOOKUP($A:$A,'[1]March26- Sales'!$A:$U,14,0) -> 683.5 | P7: =B7+E7+F7+G7 -> 1781.78 | Q7: =SUM(B7:D7) -> 1776.4 | R7: =P7-Q7 -> 5.38 | Z7: =SUM(S7:Y7) -> 0 | AA7: =P7-Z7 -> 1781.78
A8: 46088 | B8: =VLOOKUP($A:$A,'[1]March26- Sales'!$A:$U,3,0) -> 0 | C8: =VLOOKUP($A:$A,'[1]March26- Sales'!$A:$U,13,0) -> 0 | D8: =VLOOKUP($A:$A,'[1]March26- Sales'!$A:$U,8,0) -> 0 | E8: =VLOOKUP($A:$A,'[1]March26- Sales'!$A:$U,11,0) -> 0 | F8: =VLOOKUP($A:$A,'[1]March26- Sales'!$A:$U,10,0) -> 0 | G8: =VLOOKUP($A:$A,'[1]March26- Sales'!$A:$U,14,0) -> 0 | P8: =B8+E8+F8+G8 -> 0 | Q8: =SUM(B8:D8) -> 0 | R8: =P8-Q8 -> 0 | Z8: =SUM(S8:Y8) -> 0 | AA8: =P8-Z8 -> 0
A9: 46089 | B9: =VLOOKUP($A:$A,'[1]March26- Sales'!$A:$U,3,0) -> 0 | C9: =VLOOKUP($A:$A,'[1]March26- Sales'!$A:$U,13,0) -> 0 | D9: =VLOOKUP($A:$A,'[1]March26- Sales'!$A:$U,8,0) -> 0 | E9: =VLOOKUP($A:$A,'[1]March26- Sales'!$A:$U,11,0) -> 0 | F9: =VLOOKUP($A:$A,'[1]March26- Sales'!$A:$U,10,0) -> 0 | G9: =VLOOKUP($A:$A,'[1]March26- Sales'!$A:$U,14,0) -> 0 | P9: =B9+E9+F9+G9 -> 0 | Q9: =SUM(B9:D9) -> 0 | R9: =P9-Q9 -> 0 | Z9: =SUM(S9:Y9) -> 0 | AA9: =P9-Z9 -> 0
A10: 46090 | B10: =VLOOKUP($A:$A,'[1]March26- Sales'!$A:$U,3,0) -> 161.6 | C10: =VLOOKUP($A:$A,'[1]March26- Sales'!$A:$U,13,0) -> 66.1 | D10: =VLOOKUP($A:$A,'[1]March26- Sales'!$A:$U,8,0) -> 743 | E10: =VLOOKUP($A:$A,'[1]March26- Sales'!$A:$U,11,0) -> 10.2 | F10: =VLOOKUP($A:$A,'[1]March26- Sales'!$A:$U,10,0) -> 756.77 | G10: =VLOOKUP($A:$A,'[1]March26- Sales'!$A:$U,14,0) -> 68.9 | P10: =B10+E10+F10+G10 -> 997.47 | Q10: =SUM(B10:D10) -> 970.7 | R10: =P10-Q10 -> 26.77 | Z10: =SUM(S10:Y10) -> 0 | AA10: =P10-Z10 -> 997.47
A11: 46091 | B11: =VLOOKUP($A:$A,'[1]March26- Sales'!$A:$U,3,0) -> 179.3 | C11: =VLOOKUP($A:$A,'[1]March26- Sales'!$A:$U,13,0) -> 321.4 | D11: =VLOOKUP($A:$A,'[1]March26- Sales'!$A:$U,8,0) -> 731.4 | E11: =VLOOKUP($A:$A,'[1]March26- Sales'!$A:$U,11,0) -> 3.4 | F11: =VLOOKUP($A:$A,'[1]March26- Sales'!$A:$U,10,0) -> 732.89 | G11: =VLOOKUP($A:$A,'[1]March26- Sales'!$A:$U,14,0) -> 321.4 | P11: =B11+E11+F11+G11 -> 1236.99 | Q11: =SUM(B11:D11) -> 1232.1 | R11: =P11-Q11 -> 4.89 | Z11: =SUM(S11:Y11) -> 0 | AA11: =P11-Z11 -> 1236.99
A12: 46092 | B12: =VLOOKUP($A:$A,'[1]March26- Sales'!$A:$U,3,0) -> 178.2 | C12: =VLOOKUP($A:$A,'[1]March26- Sales'!$A:$U,13,0) -> 801.7 | D12: =VLOOKUP($A:$A,'[1]March26- Sales'!$A:$U,8,0) -> 794.4 | E12: =VLOOKUP($A:$A,'[1]March26- Sales'!$A:$U,11,0) -> 2.3 | F12: =VLOOKUP($A:$A,'[1]March26- Sales'!$A:$U,10,0) -> 772.86 | G12: =VLOOKUP($A:$A,'[1]March26- Sales'!$A:$U,14,0) -> 824.85 | P12: =B12+E12+F12+G12 -> 1778.21 | Q12: =SUM(B12:D12) -> 1774.3 | R12: =P12-Q12 -> 3.91 | Z12: =SUM(S12:Y12) -> 0 | AA12: =P12-Z12 -> 1778.21
A13: 46093 | B13: =VLOOKUP($A:$A,'[1]March26- Sales'!$A:$U,3,0) -> 108.9 | C13: =VLOOKUP($A:$A,'[1]March26- Sales'!$A:$U,13,0) -> 385.5 | D13: =VLOOKUP($A:$A,'[1]March26- Sales'!$A:$U,8,0) -> 826.1 | E13: =VLOOKUP($A:$A,'[1]March26- Sales'!$A:$U,11,0) -> 0 | F13: =VLOOKUP($A:$A,'[1]March26- Sales'!$A:$U,10,0) -> 848.9 | G13: =VLOOKUP($A:$A,'[1]March26- Sales'!$A:$U,14,0) -> 395.55 | P13: =B13+E13+F13+G13 -> 1353.35 | Q13: =SUM(B13:D13) -> 1320.5 | R13: =P13-Q13 -> 32.85 | Z13: =SUM(S13:Y13) -> 0 | AA13: =P13-Z13 -> 1353.35
... A32: 46112 | B32: =VLOOKUP($A:$A,'[1]March26- Sales'!$A:$U,3,0) -> 219.45 | C32: =VLOOKUP($A:$A,'[1]March26- Sales'!$A:$U,13,0) -> 80 | D32: =VLOOKUP($A:$A,'[1]March26- Sales'!$A:$U,8,0) -> 950.6 | E32: =VLOOKUP($A:$A,'[1]March26- Sales'!$A:$U,11,0) -> 6.3 | F32: =VLOOKUP($A:$A,'[1]March26- Sales'!$A:$U,10,0) -> 947.5 | G32: =VLOOKUP($A:$A,'[1]March26- Sales'!$A:$U,14,0) -> 0 | P32: =B32+E32+F32+G32 -> 1173.25 | Q32: =SUM(B32:D32) -> 1250.05 | R32: =P32-Q32 -> -76.8 | Z32: =SUM(S32:Y32) -> 0 | AA32: =P32-Z32 -> 1173.25
A33: Total | B33: =SUM(B2:B32) -> 3711.9 | E33: =SUM(E2:E32) -> 114 | F33: =SUM(F2:F32) -> 17099.94 | G33: =SUM(G2:G32) -> 6805.64 | H33: =SUM(H2:H32) -> 0 | I33: =SUM(I2:I32) -> 0 | J33: =SUM(J2:J32) -> 0 | K33: =SUM(K2:K32) -> 0 | L33: =SUM(L2:L32) -> 0 | ... Z33: =SUM(Z2:Z32) -> 0 | AA33: =P33-Z33 -> 27731.48
A34: Service Fee | B34: =B33/100*0 -> 0 | E34: =E33/100*0 -> 0 | F34: =F33/100*0.7 -> 119.69958 | G34: 115.87 | H34: =H33/100*37 -> 0 | I34: =I33/100*37 -> 0 | J34: =J33/100*2.5 -> 0 | K34: =K33/100*2.5 -> 0 | L34: =L33/100*0 -> 0 | M34: =M33/100*2.5 -> 0 | N34: =N33/100*0 -> 0 | O34: =O33/100*0 -> 0 | P34: =SUM(B34:O34) -> 235.56958
A35: Grand Total | B35: =SUM(B33-B34) -> 3711.9 | E35: =SUM(E33-E34) -> 114 | F35: =SUM(F33-F34) -> 16980.24 | G35: =SUM(G33-G34) -> 6689.77 | H35: =SUM(H33-H34) -> 0 | I35: =SUM(I33-I34) -> 0 | J35: =SUM(J33-J34) -> 0 | K35: =SUM(K33-K34) -> 0 | L35: =SUM(L33-L34) -> 0 | ... O35: =SUM(O33-O34) -> 0 | P35: =SUM(B35:O35) -> 27495.91 | S35: =SUM(S33-S34) -> 0 | T35: =SUM(T33-T34) -> 0 | U35: =SUM(U33-U34) -> 0 | V35: =SUM(V33-V34) -> 0 | W35: =SUM(W33-W34) -> 0 | X35: =SUM(X33-X34) -> 0 | Y35: =SUM(Y33-Y34) -> 0 | Z35: =SUM(Z33-Z34) -> 0 | AA35: =P35-Z35 -> 27495.91
P37: ='[1]APR26- Sales'!$I$33 -> 299.16333 | Z37: =GETPIVOTDATA("Amount",'[1]Expenes- Delivery Details'!$H$1) -> #REF! | AA37: =P35-Z37 -> #REF!

Sheet Apr26
A1: DATE | B1: CASH | C1: AMEX | D1: MASTER | E1: VISA | F1: PAY NOW | G1: FOOD PANDA | H1: GRAB FOOD | I1: PAYPAL | J1: NETS | K1: CHEQUE | L1: STRIPE | M1: CONE SONE | N1: MICS | O1: SALE | P1: SUPPLIERS | Q1: PETTY CASH | R1: SALARIE | S1: CPF / LOAN | T1: SINGTEL / STAR HUB | U1: MICS | V1: MICS | W1: EXPENSES | X1: PROFIT
A2: 46113 | O2: =SUM(B2:N2) -> 0 | W2: =SUM(P2:V2) -> 0 | X2: =O2-W2 -> 0
A3: 46114 | O3: =SUM(B3:N3) -> 0 | W3: =SUM(P3:V3) -> 0 | X3: =O3-W3 -> 0
A4: 46115 | O4: =SUM(B4:N4) -> 0 | W4: =SUM(P4:V4) -> 0 | X4: =O4-W4 -> 0
A5: 46116 | O5: =SUM(B5:N5) -> 0 | W5: =SUM(P5:V5) -> 0 | X5: =O5-W5 -> 0
A6: 46117 | O6: =SUM(B6:N6) -> 0 | W6: =SUM(P6:V6) -> 0 | X6: =O6-W6 -> 0
A7: 46118 | O7: =SUM(B7:N7) -> 0 | W7: =SUM(P7:V7) -> 0 | X7: =O7-W7 -> 0
A8: 46119 | O8: =SUM(B8:N8) -> 0 | W8: =SUM(P8:V8) -> 0 | X8: =O8-W8 -> 0
A9: 46120 | O9: =SUM(B9:N9) -> 0 | W9: =SUM(P9:V9) -> 0 | X9: =O9-W9 -> 0
A10: 46121 | O10: =SUM(B10:N10) -> 0 | W10: =SUM(P10:V10) -> 0 | X10: =O10-W10 -> 0
A11: 46122 | O11: =SUM(B11:N11) -> 0 | W11: =SUM(P11:V11) -> 0 | X11: =O11-W11 -> 0
A12: 46123 | O12: =SUM(B12:N12) -> 0 | W12: =SUM(P12:V12) -> 0 | X12: =O12-W12 -> 0
A13: 46124 | O13: =SUM(B13:N13) -> 0 | W13: =SUM(P13:V13) -> 0 | X13: =O13-W13 -> 0
... A30: 46141 | O30: =SUM(B30:N30) -> 0 | W30: =SUM(P30:V30) -> 0 | X30: =O30-W30 -> 0
A31: 46142 | B31: 10 | C31: 10 | D31: 10 | E31: 10 | F31: 10 | G31: 10 | H31: 10 | I31: 10 | J31: 10 | K31: 10 | L31: 10 | M31: 10 | N31: 10 | O31: =SUM(B31:N31) -> 130 | P31: 10 | Q31: 10 | R31: 10 | S31: 10 | T31: 10 | U31: 10 | V31: 10 | W31: =SUM(P31:V31) -> 70 | X31: =O31-W31 -> 60
A32: Total | B32: =SUM(B2:B31) -> 10 | C32: =SUM(C2:C31) -> 10 | D32: =SUM(D2:D31) -> 10 | E32: =SUM(E2:E31) -> 10 | F32: =SUM(F2:F31) -> 10 | G32: =SUM(G2:G31) -> 10 | H32: =SUM(H2:H31) -> 10 | I32: =SUM(I2:I31) -> 10 | ... N32: =SUM(N2:N31) -> 10 | O32: =SUM(B32:N32) -> 130 | P32: =SUM(P2:P31) -> 10 | Q32: =SUM(Q2:Q31) -> 10 | R32: =SUM(R2:R31) -> 10 | S32: =SUM(S2:S31) -> 10 | T32: =SUM(T2:T31) -> 10 | U32: =SUM(U2:U31) -> 10 | V32: =SUM(V2:V31) -> 10 | W32: =SUM(W2:W31) -> 70 | X32: =O32-W32 -> 60
A33: Service Fee | B33: =B32/100*0 -> 0 | C33: =C32/100*2.5 -> 0.25 | D33: =D32/100*16.1 -> 1.61 | E33: =E32/100*2.5 -> 0.25 | F33: =F32/100*100 -> 10 | G33: =G32/100*37 -> 3.7 | H33: =H32/100*37 -> 3.7 | I33: =I32/100*2.5 -> 0.25 | J33: =J32/100*2.5 -> 0.25 | K33: =K32/100*0 -> 0 | L33: =L32/100*2.5 -> 0.25 | M33: =M32/100*0 -> 0 | N33: =N32/100*0 -> 0 | O33: =SUM(B33:N33) -> 20.26
A34: Grand Total | B34: =SUM(B32-B33) -> 10 | C34: =SUM(C32-C33) -> 9.75 | D34: =SUM(D32-D33) -> 8.39 | E34: =SUM(E32-E33) -> 9.75 | F34: =SUM(F32-F33) -> 0 | G34: =SUM(G32-G33) -> 6.3 | H34: =SUM(H32-H33) -> 6.3 | I34: =SUM(I32-I33) -> 9.75 | ... N34: =SUM(N32-N33) -> 10 | O34: =SUM(B34:N34) -> 109.74 | P34: =SUM(P32-P33) -> 10 | Q34: =SUM(Q32-Q33) -> 10 | R34: =SUM(R32-R33) -> 10 | S34: =SUM(S32-S33) -> 10 | T34: =SUM(T32-T33) -> 10 | U34: =SUM(U32-U33) -> 10 | V34: =SUM(V32-V33) -> 10 | W34: =SUM(W32-W33) -> 70 | X34: =O34-W34 -> 39.74

Sheet May26
A1: DATE | B1: CASH | C1: AMEX | D1: MASTER | E1: VISA | F1: PAY NOW | G1: FOOD PANDA | H1: GRAB FOOD | I1: PAYPAL | J1: NETS | K1: CHEQUE | L1: STRIPE | M1: CONE SONE | N1: MICS | O1: SALE | P1: SUPPLIERS | Q1: PETTY CASH | R1: SALARIE | S1: CPF / LOAN | T1: SINGTEL / STAR HUB | U1: MICS | V1: MICS | W1: EXPENSES | X1: PROFIT
A2: 46143 | O2: =SUM(B2:N2) -> 0 | W2: =SUM(P2:V2) -> 0 | X2: =O2-W2 -> 0
A3: 46144 | O3: =SUM(B3:N3) -> 0 | W3: =SUM(P3:V3) -> 0 | X3: =O3-W3 -> 0
A4: 46145 | O4: =SUM(B4:N4) -> 0 | W4: =SUM(P4:V4) -> 0 | X4: =O4-W4 -> 0
A5: 46146 | O5: =SUM(B5:N5) -> 0 | W5: =SUM(P5:V5) -> 0 | X5: =O5-W5 -> 0
A6: 46147 | O6: =SUM(B6:N6) -> 0 | W6: =SUM(P6:V6) -> 0 | X6: =O6-W6 -> 0
A7: 46148 | O7: =SUM(B7:N7) -> 0 | W7: =SUM(P7:V7) -> 0 | X7: =O7-W7 -> 0
A8: 46149 | O8: =SUM(B8:N8) -> 0 | W8: =SUM(P8:V8) -> 0 | X8: =O8-W8 -> 0
A9: 46150 | O9: =SUM(B9:N9) -> 0 | W9: =SUM(P9:V9) -> 0 | X9: =O9-W9 -> 0
A10: 46151 | O10: =SUM(B10:N10) -> 0 | W10: =SUM(P10:V10) -> 0 | X10: =O10-W10 -> 0
A11: 46152 | O11: =SUM(B11:N11) -> 0 | W11: =SUM(P11:V11) -> 0 | X11: =O11-W11 -> 0
A12: 46153 | O12: =SUM(B12:N12) -> 0 | W12: =SUM(P12:V12) -> 0 | X12: =O12-W12 -> 0
A13: 46154 | O13: =SUM(B13:N13) -> 0 | W13: =SUM(P13:V13) -> 0 | X13: =O13-W13 -> 0
... A31: 46172 | O31: =SUM(B31:N31) -> 0 | W31: =SUM(P31:V31) -> 0 | X31: =O31-W31 -> 0
A32: 46173 | B32: 10 | C32: 10 | D32: 10 | E32: 10 | F32: 10 | G32: 10 | H32: 10 | I32: 10 | J32: 10 | K32: 10 | L32: 10 | M32: 10 | N32: 10 | O32: =SUM(B32:N32) -> 130 | P32: 10 | Q32: 10 | R32: 10 | S32: 10 | T32: 10 | U32: 10 | V32: 10 | W32: =SUM(P32:V32) -> 70 | X32: =O32-W32 -> 60
A33: Total | B33: =SUM(B2:B32) -> 10 | C33: =SUM(C2:C32) -> 10 | D33: =SUM(D2:D32) -> 10 | E33: =SUM(E2:E32) -> 10 | F33: =SUM(F2:F32) -> 10 | G33: =SUM(G2:G32) -> 10 | H33: =SUM(H2:H32) -> 10 | I33: =SUM(I2:I32) -> 10 | ... N33: =SUM(N2:N32) -> 10 | O33: =SUM(B33:N33) -> 130 | P33: =SUM(P2:P32) -> 10 | Q33: =SUM(Q2:Q32) -> 10 | R33: =SUM(R2:R32) -> 10 | S33: =SUM(S2:S32) -> 10 | T33: =SUM(T2:T32) -> 10 | U33: =SUM(U2:U32) -> 10 | V33: =SUM(V2:V32) -> 10 | W33: =SUM(W2:W32) -> 70 | X33: =O33-W33 -> 60
A34: Service Fee | B34: =B33/100*0 -> 0 | C34: =C33/100*2.5 -> 0.25 | D34: =D33/100*16.1 -> 1.61 | E34: =E33/100*2.5 -> 0.25 | F34: =F33/100*100 -> 10 | G34: =G33/100*37 -> 3.7 | H34: =H33/100*37 -> 3.7 | I34: =I33/100*2.5 -> 0.25 | J34: =J33/100*2.5 -> 0.25 | K34: =K33/100*0 -> 0 | L34: =L33/100*2.5 -> 0.25 | M34: =M33/100*0 -> 0 | N34: =N33/100*0 -> 0 | O34: =SUM(B34:N34) -> 20.26
A35: Grand Total | B35: =SUM(B33-B34) -> 10 | C35: =SUM(C33-C34) -> 9.75 | D35: =SUM(D33-D34) -> 8.39 | E35: =SUM(E33-E34) -> 9.75 | F35: =SUM(F33-F34) -> 0 | G35: =SUM(G33-G34) -> 6.3 | H35: =SUM(H33-H34) -> 6.3 | I35: =SUM(I33-I34) -> 9.75 | ... N35: =SUM(N33-N34) -> 10 | O35: =SUM(B35:N35) -> 109.74 | P35: =SUM(P33-P34) -> 10 | Q35: =SUM(Q33-Q34) -> 10 | R35: =SUM(R33-R34) -> 10 | S35: =SUM(S33-S34) -> 10 | T35: =SUM(T33-T34) -> 10 | U35: =SUM(U33-U34) -> 10 | V35: =SUM(V33-V34) -> 10 | W35: =SUM(W33-W34) -> 70 | X35: =O35-W35 -> 39.74

Sheet June26
A1: DATE | B1: CASH | C1: AMEX | D1: MASTER | E1: VISA | F1: PAY NOW | G1: FOOD PANDA | H1: GRAB FOOD | I1: PAYPAL | J1: NETS | K1: CHEQUE | L1: STRIPE | M1: CONE SONE | N1: MICS | O1: SALE | P1: SUPPLIERS | Q1: PETTY CASH | R1: SALARIE | S1: CPF / LOAN | T1: SINGTEL / STAR HUB | U1: MICS | V1: MICS | W1: EXPENSES | X1: PROFIT
A2: 46174 | O2: =SUM(B2:N2) -> 0 | W2: =SUM(P2:V2) -> 0 | X2: =O2-W2 -> 0
A3: 46175 | O3: =SUM(B3:N3) -> 0 | W3: =SUM(P3:V3) -> 0 | X3: =O3-W3 -> 0
A4: 46176 | O4: =SUM(B4:N4) -> 0 | W4: =SUM(P4:V4) -> 0 | X4: =O4-W4 -> 0
A5: 46177 | O5: =SUM(B5:N5) -> 0 | W5: =SUM(P5:V5) -> 0 | X5: =O5-W5 -> 0
A6: 46178 | O6: =SUM(B6:N6) -> 0 | W6: =SUM(P6:V6) -> 0 | X6: =O6-W6 -> 0
A7: 46179 | O7: =SUM(B7:N7) -> 0 | W7: =SUM(P7:V7) -> 0 | X7: =O7-W7 -> 0
A8: 46180 | O8: =SUM(B8:N8) -> 0 | W8: =SUM(P8:V8) -> 0 | X8: =O8-W8 -> 0
A9: 46181 | O9: =SUM(B9:N9) -> 0 | W9: =SUM(P9:V9) -> 0 | X9: =O9-W9 -> 0
A10: 46182 | O10: =SUM(B10:N10) -> 0 | W10: =SUM(P10:V10) -> 0 | X10: =O10-W10 -> 0
A11: 46183 | O11: =SUM(B11:N11) -> 0 | W11: =SUM(P11:V11) -> 0 | X11: =O11-W11 -> 0
A12: 46184 | O12: =SUM(B12:N12) -> 0 | W12: =SUM(P12:V12) -> 0 | X12: =O12-W12 -> 0
A13: 46185 | O13: =SUM(B13:N13) -> 0 | W13: =SUM(P13:V13) -> 0 | X13: =O13-W13 -> 0
... A30: 46202 | O30: =SUM(B30:N30) -> 0 | W30: =SUM(P30:V30) -> 0 | X30: =O30-W30 -> 0
A31: 46203 | B31: 10 | C31: 10 | D31: 10 | E31: 10 | F31: 10 | G31: 10 | H31: 10 | I31: 10 | J31: 10 | K31: 10 | L31: 10 | M31: 10 | N31: 10 | O31: =SUM(B31:N31) -> 130 | P31: 10 | Q31: 10 | R31: 10 | S31: 10 | T31: 10 | U31: 10 | V31: 10 | W31: =SUM(P31:V31) -> 70 | X31: =O31-W31 -> 60
A32: Total | B32: =SUM(B2:B31) -> 10 | C32: =SUM(C2:C31) -> 10 | D32: =SUM(D2:D31) -> 10 | E32: =SUM(E2:E31) -> 10 | F32: =SUM(F2:F31) -> 10 | G32: =SUM(G2:G31) -> 10 | H32: =SUM(H2:H31) -> 10 | I32: =SUM(I2:I31) -> 10 | ... N32: =SUM(N2:N31) -> 10 | O32: =SUM(B32:N32) -> 130 | P32: =SUM(P2:P31) -> 10 | Q32: =SUM(Q2:Q31) -> 10 | R32: =SUM(R2:R31) -> 10 | S32: =SUM(S2:S31) -> 10 | T32: =SUM(T2:T31) -> 10 | U32: =SUM(U2:U31) -> 10 | V32: =SUM(V2:V31) -> 10 | W32: =SUM(W2:W31) -> 70 | X32: =O32-W32 -> 60
A33: Service Fee | B33: =B32/100*0 -> 0 | C33: =C32/100*2.5 -> 0.25 | D33: =D32/100*16.1 -> 1.61 | E33: =E32/100*2.5 -> 0.25 | F33: =F32/100*100 -> 10 | G33: =G32/100*37 -> 3.7 | H33: =H32/100*37 -> 3.7 | I33: =I32/100*2.5 -> 0.25 | J33: =J32/100*2.5 -> 0.25 | K33: =K32/100*0 -> 0 | L33: =L32/100*2.5 -> 0.25 | M33: =M32/100*0 -> 0 | N33: =N32/100*0 -> 0 | O33: =SUM(B33:N33) -> 20.26
A34: Grand Total | B34: =SUM(B32-B33) -> 10 | C34: =SUM(C32-C33) -> 9.75 | D34: =SUM(D32-D33) -> 8.39 | E34: =SUM(E32-E33) -> 9.75 | F34: =SUM(F32-F33) -> 0 | G34: =SUM(G32-G33) -> 6.3 | H34: =SUM(H32-H33) -> 6.3 | I34: =SUM(I32-I33) -> 9.75 | ... N34: =SUM(N32-N33) -> 10 | O34: =SUM(B34:N34) -> 109.74 | P34: =SUM(P32-P33) -> 10 | Q34: =SUM(Q32-Q33) -> 10 | R34: =SUM(R32-R33) -> 10 | S34: =SUM(S32-S33) -> 10 | T34: =SUM(T32-T33) -> 10 | U34: =SUM(U32-U33) -> 10 | V34: =SUM(V32-V33) -> 10 | W34: =SUM(W32-W33) -> 70 | X34: =O34-W34 -> 39.74

Sheet July26
A1: DATE | B1: CASH | C1: AMEX | D1: MASTER | E1: VISA | F1: PAY NOW | G1: FOOD PANDA | H1: GRAB FOOD | I1: PAYPAL | J1: NETS | K1: CHEQUE | L1: STRIPE | M1: CONE SONE | N1: MICS | O1: SALE | P1: SUPPLIERS | Q1: PETTY CASH | R1: SALARIE | S1: CPF / LOAN | T1: SINGTEL / STAR HUB | U1: MICS | V1: MICS | W1: EXPENSES | X1: PROFIT
A2: 46204 | O2: =SUM(B2:N2) -> 0 | W2: =SUM(P2:V2) -> 0 | X2: =O2-W2 -> 0
A3: 46205 | O3: =SUM(B3:N3) -> 0 | W3: =SUM(P3:V3) -> 0 | X3: =O3-W3 -> 0
A4: 46206 | O4: =SUM(B4:N4) -> 0 | W4: =SUM(P4:V4) -> 0 | X4: =O4-W4 -> 0
A5: 46207 | O5: =SUM(B5:N5) -> 0 | W5: =SUM(P5:V5) -> 0 | X5: =O5-W5 -> 0
A6: 46208 | O6: =SUM(B6:N6) -> 0 | W6: =SUM(P6:V6) -> 0 | X6: =O6-W6 -> 0
A7: 46209 | O7: =SUM(B7:N7) -> 0 | W7: =SUM(P7:V7) -> 0 | X7: =O7-W7 -> 0
A8: 46210 | O8: =SUM(B8:N8) -> 0 | W8: =SUM(P8:V8) -> 0 | X8: =O8-W8 -> 0
A9: 46211 | O9: =SUM(B9:N9) -> 0 | W9: =SUM(P9:V9) -> 0 | X9: =O9-W9 -> 0
A10: 46212 | O10: =SUM(B10:N10) -> 0 | W10: =SUM(P10:V10) -> 0 | X10: =O10-W10 -> 0
A11: 46213 | O11: =SUM(B11:N11) -> 0 | W11: =SUM(P11:V11) -> 0 | X11: =O11-W11 -> 0
A12: 46214 | O12: =SUM(B12:N12) -> 0 | W12: =SUM(P12:V12) -> 0 | X12: =O12-W12 -> 0
A13: 46215 | O13: =SUM(B13:N13) -> 0 | W13: =SUM(P13:V13) -> 0 | X13: =O13-W13 -> 0
... A31: 46233 | O31: =SUM(B31:N31) -> 0 | W31: =SUM(P31:V31) -> 0 | X31: =O31-W31 -> 0
A32: 46234 | B32: 10 | C32: 10 | D32: 10 | E32: 10 | F32: 10 | G32: 10 | H32: 10 | I32: 10 | J32: 10 | K32: 10 | L32: 10 | M32: 10 | N32: 10 | O32: =SUM(B32:N32) -> 130 | P32: 10 | Q32: 10 | R32: 10 | S32: 10 | T32: 10 | U32: 10 | V32: 10 | W32: =SUM(P32:V32) -> 70 | X32: =O32-W32 -> 60
A33: Total | B33: =SUM(B2:B32) -> 10 | C33: =SUM(C2:C32) -> 10 | D33: =SUM(D2:D32) -> 10 | E33: =SUM(E2:E32) -> 10 | F33: =SUM(F2:F32) -> 10 | G33: =SUM(G2:G32) -> 10 | H33: =SUM(H2:H32) -> 10 | I33: =SUM(I2:I32) -> 10 | ... N33: =SUM(N2:N32) -> 10 | O33: =SUM(B33:N33) -> 130 | P33: =SUM(P2:P32) -> 10 | Q33: =SUM(Q2:Q32) -> 10 | R33: =SUM(R2:R32) -> 10 | S33: =SUM(S2:S32) -> 10 | T33: =SUM(T2:T32) -> 10 | U33: =SUM(U2:U32) -> 10 | V33: =SUM(V2:V32) -> 10 | W33: =SUM(W2:W32) -> 70 | X33: =O33-W33 -> 60
A34: Service Fee | B34: =B33/100*0 -> 0 | C34: =C33/100*2.5 -> 0.25 | D34: =D33/100*16.1 -> 1.61 | E34: =E33/100*2.5 -> 0.25 | F34: =F33/100*100 -> 10 | G34: =G33/100*37 -> 3.7 | H34: =H33/100*37 -> 3.7 | I34: =I33/100*2.5 -> 0.25 | J34: =J33/100*2.5 -> 0.25 | K34: =K33/100*0 -> 0 | L34: =L33/100*2.5 -> 0.25 | M34: =M33/100*0 -> 0 | N34: =N33/100*0 -> 0 | O34: =SUM(B34:N34) -> 20.26
A35: Grand Total | B35: =SUM(B33-B34) -> 10 | C35: =SUM(C33-C34) -> 9.75 | D35: =SUM(D33-D34) -> 8.39 | E35: =SUM(E33-E34) -> 9.75 | F35: =SUM(F33-F34) -> 0 | G35: =SUM(G33-G34) -> 6.3 | H35: =SUM(H33-H34) -> 6.3 | I35: =SUM(I33-I34) -> 9.75 | ... N35: =SUM(N33-N34) -> 10 | O35: =SUM(B35:N35) -> 109.74 | P35: =SUM(P33-P34) -> 10 | Q35: =SUM(Q33-Q34) -> 10 | R35: =SUM(R33-R34) -> 10 | S35: =SUM(S33-S34) -> 10 | T35: =SUM(T33-T34) -> 10 | U35: =SUM(U33-U34) -> 10 | V35: =SUM(V33-V34) -> 10 | W35: =SUM(W33-W34) -> 70 | X35: =O35-W35 -> 39.74

Sheet Aug26
A1: DATE | B1: CASH | C1: AMEX | D1: MASTER | E1: VISA | F1: PAY NOW | G1: FOOD PANDA | H1: GRAB FOOD | I1: PAYPAL | J1: NETS | K1: CHEQUE | L1: STRIPE | M1: CONE SONE | N1: MICS | O1: SALE | P1: SUPPLIERS | Q1: PETTY CASH | R1: SALARIE | S1: CPF / LOAN | T1: SINGTEL / STAR HUB | U1: MICS | V1: MICS | W1: EXPENSES | X1: PROFIT
A2: 46235 | O2: =SUM(B2:N2) -> 0 | W2: =SUM(P2:V2) -> 0 | X2: =O2-W2 -> 0
A3: 46236 | O3: =SUM(B3:N3) -> 0 | W3: =SUM(P3:V3) -> 0 | X3: =O3-W3 -> 0
A4: 46237 | O4: =SUM(B4:N4) -> 0 | W4: =SUM(P4:V4) -> 0 | X4: =O4-W4 -> 0
A5: 46238 | O5: =SUM(B5:N5) -> 0 | W5: =SUM(P5:V5) -> 0 | X5: =O5-W5 -> 0
A6: 46239 | O6: =SUM(B6:N6) -> 0 | W6: =SUM(P6:V6) -> 0 | X6: =O6-W6 -> 0
A7: 46240 | O7: =SUM(B7:N7) -> 0 | W7: =SUM(P7:V7) -> 0 | X7: =O7-W7 -> 0
A8: 46241 | O8: =SUM(B8:N8) -> 0 | W8: =SUM(P8:V8) -> 0 | X8: =O8-W8 -> 0
A9: 46242 | O9: =SUM(B9:N9) -> 0 | W9: =SUM(P9:V9) -> 0 | X9: =O9-W9 -> 0
A10: 46243 | O10: =SUM(B10:N10) -> 0 | W10: =SUM(P10:V10) -> 0 | X10: =O10-W10 -> 0
A11: 46244 | O11: =SUM(B11:N11) -> 0 | W11: =SUM(P11:V11) -> 0 | X11: =O11-W11 -> 0
A12: 46245 | O12: =SUM(B12:N12) -> 0 | W12: =SUM(P12:V12) -> 0 | X12: =O12-W12 -> 0
A13: 46246 | O13: =SUM(B13:N13) -> 0 | W13: =SUM(P13:V13) -> 0 | X13: =O13-W13 -> 0
... A31: 46264 | O31: =SUM(B31:N31) -> 0 | W31: =SUM(P31:V31) -> 0 | X31: =O31-W31 -> 0
A32: 46265 | B32: 10 | C32: 10 | D32: 10 | E32: 10 | F32: 10 | G32: 10 | H32: 10 | I32: 10 | J32: 10 | K32: 10 | L32: 10 | M32: 10 | N32: 10 | O32: =SUM(B32:N32) -> 130 | P32: 10 | Q32: 10 | R32: 10 | S32: 10 | T32: 10 | U32: 10 | V32: 10 | W32: =SUM(P32:V32) -> 70 | X32: =O32-W32 -> 60
A33: Total | B33: =SUM(B2:B32) -> 10 | C33: =SUM(C2:C32) -> 10 | D33: =SUM(D2:D32) -> 10 | E33: =SUM(E2:E32) -> 10 | F33: =SUM(F2:F32) -> 10 | G33: =SUM(G2:G32) -> 10 | H33: =SUM(H2:H32) -> 10 | I33: =SUM(I2:I32) -> 10 | ... N33: =SUM(N2:N32) -> 10 | O33: =SUM(B33:N33) -> 130 | P33: =SUM(P2:P32) -> 10 | Q33: =SUM(Q2:Q32) -> 10 | R33: =SUM(R2:R32) -> 10 | S33: =SUM(S2:S32) -> 10 | T33: =SUM(T2:T32) -> 10 | U33: =SUM(U2:U32) -> 10 | V33: =SUM(V2:V32) -> 10 | W33: =SUM(W2:W32) -> 70 | X33: =O33-W33 -> 60
A34: Service Fee | B34: =B33/100*0 -> 0 | C34: =C33/100*2.5 -> 0.25 | D34: =D33/100*16.1 -> 1.61 | E34: =E33/100*2.5 -> 0.25 | F34: =F33/100*100 -> 10 | G34: =G33/100*37 -> 3.7 | H34: =H33/100*37 -> 3.7 | I34: =I33/100*2.5 -> 0.25 | J34: =J33/100*2.5 -> 0.25 | K34: =K33/100*0 -> 0 | L34: =L33/100*2.5 -> 0.25 | M34: =M33/100*0 -> 0 | N34: =N33/100*0 -> 0 | O34: =SUM(B34:N34) -> 20.26
A35: Grand Total | B35: =SUM(B33-B34) -> 10 | C35: =SUM(C33-C34) -> 9.75 | D35: =SUM(D33-D34) -> 8.39 | E35: =SUM(E33-E34) -> 9.75 | F35: =SUM(F33-F34) -> 0 | G35: =SUM(G33-G34) -> 6.3 | H35: =SUM(H33-H34) -> 6.3 | I35: =SUM(I33-I34) -> 9.75 | ... N35: =SUM(N33-N34) -> 10 | O35: =SUM(B35:N35) -> 109.74 | P35: =SUM(P33-P34) -> 10 | Q35: =SUM(Q33-Q34) -> 10 | R35: =SUM(R33-R34) -> 10 | S35: =SUM(S33-S34) -> 10 | T35: =SUM(T33-T34) -> 10 | U35: =SUM(U33-U34) -> 10 | V35: =SUM(V33-V34) -> 10 | W35: =SUM(W33-W34) -> 70 | X35: =O35-W35 -> 39.74

Sheet Sept26
A1: DATE | B1: CASH | C1: AMEX | D1: MASTER | E1: VISA | F1: PAY NOW | G1: FOOD PANDA | H1: GRAB FOOD | I1: PAYPAL | J1: NETS | K1: CHEQUE | L1: STRIPE | M1: CONE SONE | N1: MICS | O1: SALE | P1: SUPPLIERS | Q1: PETTY CASH | R1: SALARIE | S1: CPF / LOAN | T1: SINGTEL / STAR HUB | U1: MICS | V1: MICS | W1: EXPENSES | X1: PROFIT
A2: 46266 | O2: =SUM(B2:N2) -> 0 | W2: =SUM(P2:V2) -> 0 | X2: =O2-W2 -> 0
A3: 46267 | O3: =SUM(B3:N3) -> 0 | W3: =SUM(P3:V3) -> 0 | X3: =O3-W3 -> 0
A4: 46268 | O4: =SUM(B4:N4) -> 0 | W4: =SUM(P4:V4) -> 0 | X4: =O4-W4 -> 0
A5: 46269 | O5: =SUM(B5:N5) -> 0 | W5: =SUM(P5:V5) -> 0 | X5: =O5-W5 -> 0
A6: 46270 | O6: =SUM(B6:N6) -> 0 | W6: =SUM(P6:V6) -> 0 | X6: =O6-W6 -> 0
A7: 46271 | O7: =SUM(B7:N7) -> 0 | W7: =SUM(P7:V7) -> 0 | X7: =O7-W7 -> 0
A8: 46272 | O8: =SUM(B8:N8) -> 0 | W8: =SUM(P8:V8) -> 0 | X8: =O8-W8 -> 0
A9: 46273 | O9: =SUM(B9:N9) -> 0 | W9: =SUM(P9:V9) -> 0 | X9: =O9-W9 -> 0
A10: 46274 | O10: =SUM(B10:N10) -> 0 | W10: =SUM(P10:V10) -> 0 | X10: =O10-W10 -> 0
A11: 46275 | O11: =SUM(B11:N11) -> 0 | W11: =SUM(P11:V11) -> 0 | X11: =O11-W11 -> 0
A12: 46276 | O12: =SUM(B12:N12) -> 0 | W12: =SUM(P12:V12) -> 0 | X12: =O12-W12 -> 0
A13: 46277 | O13: =SUM(B13:N13) -> 0 | W13: =SUM(P13:V13) -> 0 | X13: =O13-W13 -> 0
... A30: 46294 | O30: =SUM(B30:N30) -> 0 | W30: =SUM(P30:V30) -> 0 | X30: =O30-W30 -> 0
A31: 46295 | B31: 10 | C31: 10 | D31: 10 | E31: 10 | F31: 10 | G31: 10 | H31: 10 | I31: 10 | J31: 10 | K31: 10 | L31: 10 | M31: 10 | N31: 10 | O31: =SUM(B31:N31) -> 130 | P31: 10 | Q31: 10 | R31: 10 | S31: 10 | T31: 10 | U31: 10 | V31: 10 | W31: =SUM(P31:V31) -> 70 | X31: =O31-W31 -> 60
A32: Total | B32: =SUM(B2:B31) -> 10 | C32: =SUM(C2:C31) -> 10 | D32: =SUM(D2:D31) -> 10 | E32: =SUM(E2:E31) -> 10 | F32: =SUM(F2:F31) -> 10 | G32: =SUM(G2:G31) -> 10 | H32: =SUM(H2:H31) -> 10 | I32: =SUM(I2:I31) -> 10 | ... N32: =SUM(N2:N31) -> 10 | O32: =SUM(B32:N32) -> 130 | P32: =SUM(P2:P31) -> 10 | Q32: =SUM(Q2:Q31) -> 10 | R32: =SUM(R2:R31) -> 10 | S32: =SUM(S2:S31) -> 10 | T32: =SUM(T2:T31) -> 10 | U32: =SUM(U2:U31) -> 10 | V32: =SUM(V2:V31) -> 10 | W32: =SUM(W2:W31) -> 70 | X32: =O32-W32 -> 60
A33: Service Fee | B33: =B32/100*0 -> 0 | C33: =C32/100*2.5 -> 0.25 | D33: =D32/100*16.1 -> 1.61 | E33: =E32/100*2.5 -> 0.25 | F33: =F32/100*100 -> 10 | G33: =G32/100*37 -> 3.7 | H33: =H32/100*37 -> 3.7 | I33: =I32/100*2.5 -> 0.25 | J33: =J32/100*2.5 -> 0.25 | K33: =K32/100*0 -> 0 | L33: =L32/100*2.5 -> 0.25 | M33: =M32/100*0 -> 0 | N33: =N32/100*0 -> 0 | O33: =SUM(B33:N33) -> 20.26
A34: Grand Total | B34: =SUM(B32-B33) -> 10 | C34: =SUM(C32-C33) -> 9.75 | D34: =SUM(D32-D33) -> 8.39 | E34: =SUM(E32-E33) -> 9.75 | F34: =SUM(F32-F33) -> 0 | G34: =SUM(G32-G33) -> 6.3 | H34: =SUM(H32-H33) -> 6.3 | I34: =SUM(I32-I33) -> 9.75 | ... N34: =SUM(N32-N33) -> 10 | O34: =SUM(B34:N34) -> 109.74 | P34: =SUM(P32-P33) -> 10 | Q34: =SUM(Q32-Q33) -> 10 | R34: =SUM(R32-R33) -> 10 | S34: =SUM(S32-S33) -> 10 | T34: =SUM(T32-T33) -> 10 | U34: =SUM(U32-U33) -> 10 | V34: =SUM(V32-V33) -> 10 | W34: =SUM(W32-W33) -> 70 | X34: =O34-W34 -> 39.74

Sheet Oct26
A1: DATE | B1: CASH | C1: AMEX | D1: MASTER | E1: VISA | F1: PAY NOW | G1: FOOD PANDA | H1: GRAB FOOD | I1: PAYPAL | J1: NETS | K1: CHEQUE | L1: STRIPE | M1: CONE SONE | N1: MICS | O1: SALE | P1: SUPPLIERS | Q1: PETTY CASH | R1: SALARIE | S1: CPF / LOAN | T1: SINGTEL / STAR HUB | U1: MICS | V1: MICS | W1: EXPENSES | X1: PROFIT
A2: 46296 | O2: =SUM(B2:N2) -> 0 | W2: =SUM(P2:V2) -> 0 | X2: =O2-W2 -> 0
A3: 46297 | O3: =SUM(B3:N3) -> 0 | W3: =SUM(P3:V3) -> 0 | X3: =O3-W3 -> 0
A4: 46298 | O4: =SUM(B4:N4) -> 0 | W4: =SUM(P4:V4) -> 0 | X4: =O4-W4 -> 0
A5: 46299 | O5: =SUM(B5:N5) -> 0 | W5: =SUM(P5:V5) -> 0 | X5: =O5-W5 -> 0
A6: 46300 | O6: =SUM(B6:N6) -> 0 | W6: =SUM(P6:V6) -> 0 | X6: =O6-W6 -> 0
A7: 46301 | O7: =SUM(B7:N7) -> 0 | W7: =SUM(P7:V7) -> 0 | X7: =O7-W7 -> 0
A8: 46302 | O8: =SUM(B8:N8) -> 0 | W8: =SUM(P8:V8) -> 0 | X8: =O8-W8 -> 0
A9: 46303 | O9: =SUM(B9:N9) -> 0 | W9: =SUM(P9:V9) -> 0 | X9: =O9-W9 -> 0
A10: 46304 | O10: =SUM(B10:N10) -> 0 | W10: =SUM(P10:V10) -> 0 | X10: =O10-W10 -> 0
A11: 46305 | O11: =SUM(B11:N11) -> 0 | W11: =SUM(P11:V11) -> 0 | X11: =O11-W11 -> 0
A12: 46306 | O12: =SUM(B12:N12) -> 0 | W12: =SUM(P12:V12) -> 0 | X12: =O12-W12 -> 0
A13: 46307 | O13: =SUM(B13:N13) -> 0 | W13: =SUM(P13:V13) -> 0 | X13: =O13-W13 -> 0
... A31: 46325 | O31: =SUM(B31:N31) -> 0 | W31: =SUM(P31:V31) -> 0 | X31: =O31-W31 -> 0
A32: 46326 | B32: 10 | C32: 10 | D32: 10 | E32: 10 | F32: 10 | G32: 10 | H32: 10 | I32: 10 | J32: 10 | K32: 10 | L32: 10 | M32: 10 | N32: 10 | O32: =SUM(B32:N32) -> 130 | P32: 10 | Q32: 10 | R32: 10 | S32: 10 | T32: 10 | U32: 10 | V32: 10 | W32: =SUM(P32:V32) -> 70 | X32: =O32-W32 -> 60
A33: Total | B33: =SUM(B2:B32) -> 10 | C33: =SUM(C2:C32) -> 10 | D33: =SUM(D2:D32) -> 10 | E33: =SUM(E2:E32) -> 10 | F33: =SUM(F2:F32) -> 10 | G33: =SUM(G2:G32) -> 10 | H33: =SUM(H2:H32) -> 10 | I33: =SUM(I2:I32) -> 10 | ... N33: =SUM(N2:N32) -> 10 | O33: =SUM(B33:N33) -> 130 | P33: =SUM(P2:P32) -> 10 | Q33: =SUM(Q2:Q32) -> 10 | R33: =SUM(R2:R32) -> 10 | S33: =SUM(S2:S32) -> 10 | T33: =SUM(T2:T32) -> 10 | U33: =SUM(U2:U32) -> 10 | V33: =SUM(V2:V32) -> 10 | W33: =SUM(W2:W32) -> 70 | X33: =O33-W33 -> 60
A34: Service Fee | B34: =B33/100*0 -> 0 | C34: =C33/100*2.5 -> 0.25 | D34: =D33/100*16.1 -> 1.61 | E34: =E33/100*2.5 -> 0.25 | F34: =F33/100*100 -> 10 | G34: =G33/100*37 -> 3.7 | H34: =H33/100*37 -> 3.7 | I34: =I33/100*2.5 -> 0.25 | J34: =J33/100*2.5 -> 0.25 | K34: =K33/100*0 -> 0 | L34: =L33/100*2.5 -> 0.25 | M34: =M33/100*0 -> 0 | N34: =N33/100*0 -> 0 | O34: =SUM(B34:N34) -> 20.26
A35: Grand Total | B35: =SUM(B33-B34) -> 10 | C35: =SUM(C33-C34) -> 9.75 | D35: =SUM(D33-D34) -> 8.39 | E35: =SUM(E33-E34) -> 9.75 | F35: =SUM(F33-F34) -> 0 | G35: =SUM(G33-G34) -> 6.3 | H35: =SUM(H33-H34) -> 6.3 | I35: =SUM(I33-I34) -> 9.75 | ... N35: =SUM(N33-N34) -> 10 | O35: =SUM(B35:N35) -> 109.74 | P35: =SUM(P33-P34) -> 10 | Q35: =SUM(Q33-Q34) -> 10 | R35: =SUM(R33-R34) -> 10 | S35: =SUM(S33-S34) -> 10 | T35: =SUM(T33-T34) -> 10 | U35: =SUM(U33-U34) -> 10 | V35: =SUM(V33-V34) -> 10 | W35: =SUM(W33-W34) -> 70 | X35: =O35-W35 -> 39.74

Sheet Nov25
A1: DATE | B1: CASH | C1: AMEX | D1: MASTER | E1: VISA | F1: PAY NOW | G1: FOOD PANDA | H1: GRAB FOOD | I1: PAYPAL | J1: NETS | K1: CHEQUE | L1: STRIPE | M1: CONE SONE | N1: MICS | O1: SALE | P1: SUPPLIERS | Q1: PETTY CASH | R1: SALARIE | S1: CPF / LOAN | T1: SINGTEL / STAR HUB | U1: MICS | V1: MICS | W1: EXPENSES | X1: PROFIT
A2: 46327 | O2: =SUM(B2:N2) -> 0 | W2: =SUM(P2:V2) -> 0 | X2: =O2-W2 -> 0
A3: 46328 | O3: =SUM(B3:N3) -> 0 | W3: =SUM(P3:V3) -> 0 | X3: =O3-W3 -> 0
A4: 46329 | O4: =SUM(B4:N4) -> 0 | W4: =SUM(P4:V4) -> 0 | X4: =O4-W4 -> 0
A5: 46330 | O5: =SUM(B5:N5) -> 0 | W5: =SUM(P5:V5) -> 0 | X5: =O5-W5 -> 0
A6: 46331 | O6: =SUM(B6:N6) -> 0 | W6: =SUM(P6:V6) -> 0 | X6: =O6-W6 -> 0
A7: 46332 | O7: =SUM(B7:N7) -> 0 | W7: =SUM(P7:V7) -> 0 | X7: =O7-W7 -> 0
A8: 46333 | O8: =SUM(B8:N8) -> 0 | W8: =SUM(P8:V8) -> 0 | X8: =O8-W8 -> 0
A9: 46334 | O9: =SUM(B9:N9) -> 0 | W9: =SUM(P9:V9) -> 0 | X9: =O9-W9 -> 0
A10: 46335 | O10: =SUM(B10:N10) -> 0 | W10: =SUM(P10:V10) -> 0 | X10: =O10-W10 -> 0
A11: 46336 | O11: =SUM(B11:N11) -> 0 | W11: =SUM(P11:V11) -> 0 | X11: =O11-W11 -> 0
A12: 46337 | O12: =SUM(B12:N12) -> 0 | W12: =SUM(P12:V12) -> 0 | X12: =O12-W12 -> 0
A13: 46338 | O13: =SUM(B13:N13) -> 0 | W13: =SUM(P13:V13) -> 0 | X13: =O13-W13 -> 0
... A30: 46355 | O30: =SUM(B30:N30) -> 0 | W30: =SUM(P30:V30) -> 0 | X30: =O30-W30 -> 0
A31: 46356 | B31: 10 | C31: 10 | D31: 10 | E31: 10 | F31: 10 | G31: 10 | H31: 10 | I31: 10 | J31: 10 | K31: 10 | L31: 10 | M31: 10 | N31: 10 | O31: =SUM(B31:N31) -> 130 | P31: 10 | Q31: 10 | R31: 10 | S31: 10 | T31: 10 | U31: 10 | V31: 10 | W31: =SUM(P31:V31) -> 70 | X31: =O31-W31 -> 60
A32: Total | B32: =SUM(B2:B31) -> 10 | C32: =SUM(C2:C31) -> 10 | D32: =SUM(D2:D31) -> 10 | E32: =SUM(E2:E31) -> 10 | F32: =SUM(F2:F31) -> 10 | G32: =SUM(G2:G31) -> 10 | H32: =SUM(H2:H31) -> 10 | I32: =SUM(I2:I31) -> 10 | ... N32: =SUM(N2:N31) -> 10 | O32: =SUM(B32:N32) -> 130 | P32: =SUM(P2:P31) -> 10 | Q32: =SUM(Q2:Q31) -> 10 | R32: =SUM(R2:R31) -> 10 | S32: =SUM(S2:S31) -> 10 | T32: =SUM(T2:T31) -> 10 | U32: =SUM(U2:U31) -> 10 | V32: =SUM(V2:V31) -> 10 | W32: =SUM(W2:W31) -> 70 | X32: =O32-W32 -> 60
A33: Service Fee | B33: =B32/100*0 -> 0 | C33: =C32/100*2.5 -> 0.25 | D33: =D32/100*16.1 -> 1.61 | E33: =E32/100*2.5 -> 0.25 | F33: =F32/100*100 -> 10 | G33: =G32/100*37 -> 3.7 | H33: =H32/100*37 -> 3.7 | I33: =I32/100*2.5 -> 0.25 | J33: =J32/100*2.5 -> 0.25 | K33: =K32/100*0 -> 0 | L33: =L32/100*2.5 -> 0.25 | M33: =M32/100*0 -> 0 | N33: =N32/100*0 -> 0 | O33: =SUM(B33:N33) -> 20.26
A34: Grand Total | B34: =SUM(B32-B33) -> 10 | C34: =SUM(C32-C33) -> 9.75 | D34: =SUM(D32-D33) -> 8.39 | E34: =SUM(E32-E33) -> 9.75 | F34: =SUM(F32-F33) -> 0 | G34: =SUM(G32-G33) -> 6.3 | H34: =SUM(H32-H33) -> 6.3 | I34: =SUM(I32-I33) -> 9.75 | ... N34: =SUM(N32-N33) -> 10 | O34: =SUM(B34:N34) -> 109.74 | P34: =SUM(P32-P33) -> 10 | Q34: =SUM(Q32-Q33) -> 10 | R34: =SUM(R32-R33) -> 10 | S34: =SUM(S32-S33) -> 10 | T34: =SUM(T32-T33) -> 10 | U34: =SUM(U32-U33) -> 10 | V34: =SUM(V32-V33) -> 10 | W34: =SUM(W32-W33) -> 70 | X34: =O34-W34 -> 39.74

Sheet Dec26
A1: DATE | B1: CASH | C1: AMEX | D1: MASTER | E1: VISA | F1: PAY NOW | G1: FOOD PANDA | H1: GRAB FOOD | I1: PAYPAL | J1: NETS | K1: CHEQUE | L1: STRIPE | M1: CONE SONE | N1: MICS | O1: SALE | P1: SUPPLIERS | Q1: PETTY CASH | R1: SALARIE | S1: CPF / LOAN | T1: SINGTEL / STAR HUB | U1: MICS | V1: MICS | W1: EXPENSES | X1: PROFIT
A2: 46357 | O2: =SUM(B2:N2) -> 0 | W2: =SUM(P2:V2) -> 0 | X2: =O2-W2 -> 0
A3: 46358 | O3: =SUM(B3:N3) -> 0 | W3: =SUM(P3:V3) -> 0 | X3: =O3-W3 -> 0
A4: 46359 | O4: =SUM(B4:N4) -> 0 | W4: =SUM(P4:V4) -> 0 | X4: =O4-W4 -> 0
A5: 46360 | O5: =SUM(B5:N5) -> 0 | W5: =SUM(P5:V5) -> 0 | X5: =O5-W5 -> 0
A6: 46361 | O6: =SUM(B6:N6) -> 0 | W6: =SUM(P6:V6) -> 0 | X6: =O6-W6 -> 0
A7: 46362 | O7: =SUM(B7:N7) -> 0 | W7: =SUM(P7:V7) -> 0 | X7: =O7-W7 -> 0
A8: 46363 | O8: =SUM(B8:N8) -> 0 | W8: =SUM(P8:V8) -> 0 | X8: =O8-W8 -> 0
A9: 46364 | O9: =SUM(B9:N9) -> 0 | W9: =SUM(P9:V9) -> 0 | X9: =O9-W9 -> 0
A10: 46365 | O10: =SUM(B10:N10) -> 0 | W10: =SUM(P10:V10) -> 0 | X10: =O10-W10 -> 0
A11: 46366 | O11: =SUM(B11:N11) -> 0 | W11: =SUM(P11:V11) -> 0 | X11: =O11-W11 -> 0
A12: 46367 | O12: =SUM(B12:N12) -> 0 | W12: =SUM(P12:V12) -> 0 | X12: =O12-W12 -> 0
A13: 46368 | O13: =SUM(B13:N13) -> 0 | W13: =SUM(P13:V13) -> 0 | X13: =O13-W13 -> 0
... A31: 46386 | O31: =SUM(B31:N31) -> 0 | W31: =SUM(P31:V31) -> 0 | X31: =O31-W31 -> 0
A32: 46387 | B32: 10 | C32: 10 | D32: 10 | E32: 10 | F32: 10 | G32: 10 | H32: 10 | I32: 10 | J32: 10 | K32: 10 | L32: 10 | M32: 10 | N32: 10 | O32: =SUM(B32:N32) -> 130 | P32: 10 | Q32: 10 | R32: 10 | S32: 10 | T32: 10 | U32: 10 | V32: 10 | W32: =SUM(P32:V32) -> 70 | X32: =O32-W32 -> 60
A33: Total | B33: =SUM(B2:B32) -> 10 | C33: =SUM(C2:C32) -> 10 | D33: =SUM(D2:D32) -> 10 | E33: =SUM(E2:E32) -> 10 | F33: =SUM(F2:F32) -> 10 | G33: =SUM(G2:G32) -> 10 | H33: =SUM(H2:H32) -> 10 | I33: =SUM(I2:I32) -> 10 | ... N33: =SUM(N2:N32) -> 10 | O33: =SUM(B33:N33) -> 130 | P33: =SUM(P2:P32) -> 10 | Q33: =SUM(Q2:Q32) -> 10 | R33: =SUM(R2:R32) -> 10 | S33: =SUM(S2:S32) -> 10 | T33: =SUM(T2:T32) -> 10 | U33: =SUM(U2:U32) -> 10 | V33: =SUM(V2:V32) -> 10 | W33: =SUM(W2:W32) -> 70 | X33: =O33-W33 -> 60
A34: Service Fee | B34: =B33/100*0 -> 0 | C34: =C33/100*2.5 -> 0.25 | D34: =D33/100*16.1 -> 1.61 | E34: =E33/100*2.5 -> 0.25 | F34: =F33/100*100 -> 10 | G34: =G33/100*37 -> 3.7 | H34: =H33/100*37 -> 3.7 | I34: =I33/100*2.5 -> 0.25 | J34: =J33/100*2.5 -> 0.25 | K34: =K33/100*0 -> 0 | L34: =L33/100*2.5 -> 0.25 | M34: =M33/100*0 -> 0 | N34: =N33/100*0 -> 0 | O34: =SUM(B34:N34) -> 20.26
A35: Grand Total | B35: =SUM(B33-B34) -> 10 | C35: =SUM(C33-C34) -> 9.75 | D35: =SUM(D33-D34) -> 8.39 | E35: =SUM(E33-E34) -> 9.75 | F35: =SUM(F33-F34) -> 0 | G35: =SUM(G33-G34) -> 6.3 | H35: =SUM(H33-H34) -> 6.3 | I35: =SUM(I33-I34) -> 9.75 | ... N35: =SUM(N33-N34) -> 10 | O35: =SUM(B35:N35) -> 109.74 | P35: =SUM(P33-P34) -> 10 | Q35: =SUM(Q33-Q34) -> 10 | R35: =SUM(R33-R34) -> 10 | S35: =SUM(S33-S34) -> 10 | T35: =SUM(T33-T34) -> 10 | U35: =SUM(U33-U34) -> 10 | V35: =SUM(V33-V34) -> 10 | W35: =SUM(W33-W34) -> 70 | X35: =O35-W35 -> 39.74

Sheet Master
A1: DATE | B1: CASH | C1: AMEX | D1: MASTER | E1: VISA | F1: PAY NOW | G1: FOOD PANDA | H1: GRAB FOOD | I1: PAYPAL | J1: NETS | K1: CHEQUE | L1: STRIPE | M1: CONE SONE | N1: MICS | O1: SALE | P1: SUPPLIERS | Q1: PETTY CASH | R1: SALARIE | S1: CPF / LOAN | T1: SINGTEL / STAR HUB | U1: MICS | V1: MICS | W1: EXPENSES | X1: PROFIT
A2: 46023 | O2: =SUM(B2:N2) -> 0 | W2: =SUM(P2:V2) -> 0 | X2: =O2-W2 -> 0
A3: 46024 | O3: =SUM(B3:N3) -> 0 | W3: =SUM(P3:V3) -> 0 | X3: =O3-W3 -> 0
A4: 46025 | O4: =SUM(B4:N4) -> 0 | W4: =SUM(P4:V4) -> 0 | X4: =O4-W4 -> 0
A5: 46026 | O5: =SUM(B5:N5) -> 0 | W5: =SUM(P5:V5) -> 0 | X5: =O5-W5 -> 0
A6: 46027 | O6: =SUM(B6:N6) -> 0 | W6: =SUM(P6:V6) -> 0 | X6: =O6-W6 -> 0
A7: 46028 | O7: =SUM(B7:N7) -> 0 | W7: =SUM(P7:V7) -> 0 | X7: =O7-W7 -> 0
A8: 46029 | O8: =SUM(B8:N8) -> 0 | W8: =SUM(P8:V8) -> 0 | X8: =O8-W8 -> 0
A9: 46030 | O9: =SUM(B9:N9) -> 0 | W9: =SUM(P9:V9) -> 0 | X9: =O9-W9 -> 0
A10: 46031 | O10: =SUM(B10:N10) -> 0 | W10: =SUM(P10:V10) -> 0 | X10: =O10-W10 -> 0
A11: 46032 | O11: =SUM(B11:N11) -> 0 | W11: =SUM(P11:V11) -> 0 | X11: =O11-W11 -> 0
A12: 46033 | O12: =SUM(B12:N12) -> 0 | W12: =SUM(P12:V12) -> 0 | X12: =O12-W12 -> 0
A13: 46034 | O13: =SUM(B13:N13) -> 0 | W13: =SUM(P13:V13) -> 0 | X13: =O13-W13 -> 0
... A32: 46053 | O32: =SUM(B32:N32) -> 0 | W32: =SUM(P32:V32) -> 0 | X32: =O32-W32 -> 0
A33: Total | B33: =SUM(B2:B32) -> 0 | C33: =SUM(C2:C32) -> 0 | D33: =SUM(D2:D32) -> 0 | E33: =SUM(E2:E32) -> 0 | F33: =SUM(F2:F32) -> 0 | G33: =SUM(G2:G32) -> 0 | H33: =SUM(H2:H32) -> 0 | I33: =SUM(I2:I32) -> 0 | ... N33: =SUM(N2:N32) -> 0 | O33: =SUM(B33:N33) -> 0 | P33: =SUM(P2:P32) -> 0 | Q33: =SUM(Q2:Q32) -> 0 | R33: =SUM(R2:R32) -> 0 | S33: =SUM(S2:S32) -> 0 | T33: =SUM(T2:T32) -> 0 | U33: =SUM(U2:U32) -> 0 | V33: =SUM(V2:V32) -> 0 | W33: =SUM(W2:W32) -> 0 | X33: =O33-W33 -> 0
A34: Service Fee | B34: =B33/100*0 -> 0 | C34: =C33/100*2.5 -> 0 | D34: =D33/100*16.1 -> 0 | E34: =E33/100*2.5 -> 0 | F34: =F33/100*100 -> 0 | G34: =G33/100*37 -> 0 | H34: =H33/100*37 -> 0 | I34: =I33/100*2.5 -> 0 | J34: =J33/100*2.5 -> 0 | K34: =K33/100*0 -> 0 | L34: =L33/100*2.5 -> 0 | M34: =M33/100*0 -> 0 | N34: =N33/100*0 -> 0 | O34: =SUM(B34:N34) -> 0
A35: Grand Total | B35: =SUM(B33-B34) -> 0 | C35: =SUM(C33-C34) -> 0 | D35: =SUM(D33-D34) -> 0 | E35: =SUM(E33-E34) -> 0 | F35: =SUM(F33-F34) -> 0 | G35: =SUM(G33-G34) -> 0 | H35: =SUM(H33-H34) -> 0 | I35: =SUM(I33-I34) -> 0 | ... N35: =SUM(N33-N34) -> 0 | O35: =SUM(B35:N35) -> 0 | P35: =SUM(P33-P34) -> 0 | Q35: =SUM(Q33-Q34) -> 0 | R35: =SUM(R33-R34) -> 0 | S35: =SUM(S33-S34) -> 0 | T35: =SUM(T33-T34) -> 0 | U35: =SUM(U33-U34) -> 0 | V35: =SUM(V33-V34) -> 0 | W35: =SUM(W33-W34) -> 0 | X35: =SUM(X33-X34) -> 0

Sheet Yearly-26
A1: DATE | B1: CASH | C1: AMEX | D1: MASTER | E1: VISA | F1: PAY NOW | G1: FOOD PANDA | H1: GRAB FOOD | I1: PAYPAL | J1: NETS | K1: CHEQUE | L1: STRIPE | M1: CONE SONE | N1: MICS | O1: SALE | P1: SUPPLIERS | Q1: PETTY CASH | R1: SALARIE | S1: CPF / LOAN | T1: SINGTEL / STAR HUB | U1: MICS | V1: MICS | W1: EXPENSES | X1: PROFIT
A2: 46023 | B2: ='Jan26'!B35 -> 10 | C2: ='Jan26'!C35 -> 9.75 | D2: ='Jan26'!D35 -> 8.39 | E2: ='Jan26'!E35 -> 9.75 | F2: ='Jan26'!F35 -> 0 | G2: ='Jan26'!G35 -> 6.3 | H2: ='Jan26'!H35 -> 6.3 | I2: ='Jan26'!I35 -> 9.75 | ... X2: ='Jan26'!X35 -> 39.74
A3: 46054 | B3: ='Feb26'!B32 -> 10 | C3: ='Feb26'!C32 -> 9.75 | D3: ='Feb26'!D32 -> 8.39 | E3: ='Feb26'!E32 -> 9.75 | F3: ='Feb26'!F32 -> 0 | G3: ='Feb26'!G32 -> 6.3 | H3: ='Feb26'!H32 -> 6.3 | I3: ='Feb26'!I32 -> 9.75 | ... X3: ='Feb26'!X32 -> 39.74
A4: 46082 | B4: ='Mar26'!B35 -> 3711.9 | C4: ='Mar26'!E35 -> 114 | D4: ='Mar26'!F35 -> 16980.24 | E4: ='Mar26'!G35 -> 6689.77 | F4: ='Mar26'!#REF! -> #REF! | G4: ='Mar26'!H35 -> 0 | H4: ='Mar26'!I35 -> 0 | I4: ='Mar26'!J35 -> 0 | J4: ='Mar26'!K35 -> 0 | K4: ='Mar26'!L35 -> 0 | L4: ='Mar26'!M35 -> 0 | M4: ='Mar26'!N35 -> 0 | N4: ='Mar26'!O35 -> 0 | O4: ='Mar26'!P35 -> 27495.91 | P4: ='Mar26'!S35 -> 0 | Q4: ='Mar26'!T35 -> 0 | R4: ='Mar26'!U35 -> 0 | S4: ='Mar26'!V35 -> 0 | T4: ='Mar26'!W35 -> 0 | U4: ='Mar26'!X35 -> 0 | V4: ='Mar26'!Y35 -> 0 | W4: ='Mar26'!Z35 -> 0 | X4: ='Mar26'!AA35 -> 27495.91
A5: 46113 | B5: ='Apr26'!B34 -> 10 | C5: ='Apr26'!C34 -> 9.75 | D5: ='Apr26'!D34 -> 8.39 | E5: ='Apr26'!E34 -> 9.75 | F5: ='Apr26'!F34 -> 0 | G5: ='Apr26'!G34 -> 6.3 | H5: ='Apr26'!H34 -> 6.3 | I5: ='Apr26'!I34 -> 9.75 | ... X5: ='Apr26'!X34 -> 39.74
A6: 46143 | B6: ='May26'!B35 -> 10 | C6: ='May26'!C35 -> 9.75 | D6: ='May26'!D35 -> 8.39 | E6: ='May26'!E35 -> 9.75 | F6: ='May26'!F35 -> 0 | G6: ='May26'!G35 -> 6.3 | H6: ='May26'!H35 -> 6.3 | I6: ='May26'!I35 -> 9.75 | ... X6: ='May26'!X35 -> 39.74
A7: 46174 | B7: =June26!B34 -> 10 | C7: =June26!C34 -> 9.75 | D7: =June26!D34 -> 8.39 | E7: =June26!E34 -> 9.75 | F7: =June26!F34 -> 0 | G7: =June26!G34 -> 6.3 | H7: =June26!H34 -> 6.3 | I7: =June26!I34 -> 9.75 | ... X7: =June26!X34 -> 39.74
A8: 46204 | B8: =July26!B35 -> 10 | C8: =July26!C35 -> 9.75 | D8: =July26!D35 -> 8.39 | E8: =July26!E35 -> 9.75 | F8: =July26!F35 -> 0 | G8: =July26!G35 -> 6.3 | H8: =July26!H35 -> 6.3 | I8: =July26!I35 -> 9.75 | ... X8: =July26!X35 -> 39.74
A9: 46235 | B9: ='Aug26'!B35 -> 10 | C9: ='Aug26'!C35 -> 9.75 | D9: ='Aug26'!D35 -> 8.39 | E9: ='Aug26'!E35 -> 9.75 | F9: ='Aug26'!F35 -> 0 | G9: ='Aug26'!G35 -> 6.3 | H9: ='Aug26'!H35 -> 6.3 | I9: ='Aug26'!I35 -> 9.75 | ... X9: ='Aug26'!X35 -> 39.74
A10: 46266 | B10: =Sept26!B34 -> 10 | C10: =Sept26!C34 -> 9.75 | D10: =Sept26!D34 -> 8.39 | E10: =Sept26!E34 -> 9.75 | F10: =Sept26!F34 -> 0 | G10: =Sept26!G34 -> 6.3 | H10: =Sept26!H34 -> 6.3 | I10: =Sept26!I34 -> 9.75 | ... X10: =Sept26!X34 -> 39.74
A11: 46296 | B11: ='Oct26'!B35 -> 10 | C11: ='Oct26'!C35 -> 9.75 | D11: ='Oct26'!D35 -> 8.39 | E11: ='Oct26'!E35 -> 9.75 | F11: ='Oct26'!F35 -> 0 | G11: ='Oct26'!G35 -> 6.3 | H11: ='Oct26'!H35 -> 6.3 | I11: ='Oct26'!I35 -> 9.75 | ... X11: ='Oct26'!X35 -> 39.74
A12: 46327 | B12: ='Nov25'!B34 -> 10 | C12: ='Nov25'!C34 -> 9.75 | D12: ='Nov25'!D34 -> 8.39 | E12: ='Nov25'!E34 -> 9.75 | F12: ='Nov25'!F34 -> 0 | G12: ='Nov25'!G34 -> 6.3 | H12: ='Nov25'!H34 -> 6.3 | I12: ='Nov25'!I34 -> 9.75 | ... X12: ='Nov25'!X34 -> 39.74
A13: 46357 | B13: ='Dec26'!B35 -> 10 | C13: ='Dec26'!C35 -> 9.75 | D13: ='Dec26'!D35 -> 8.39 | E13: ='Dec26'!E35 -> 9.75 | F13: ='Dec26'!F35 -> 0 | G13: ='Dec26'!G35 -> 6.3 | H13: ='Dec26'!H35 -> 6.3 | I13: ='Dec26'!I35 -> 9.75 | ... X13: ='Dec26'!X35 -> 39.74
A15: Yearly 26 | B15: =SUM(B2:B13) -> 3821.9 | C15: =SUM(C2:C13) -> 221.25 | D15: =SUM(D2:D13) -> 17072.53 | E15: =SUM(E2:E13) -> 6797.02 | F15: =SUM(F2:F13) -> #REF! | G15: =SUM(G2:G13) -> 69.3 | H15: =SUM(H2:H13) -> 69.3 | I15: =SUM(I2:I13) -> 107.25 | ... X15: =SUM(X2:X13) -> 27933.05
